 Dungeon Crawl Stone Soup version 0.19-a0-1732-g0b18a7b (webtiles) character file.

343 4thArraOfDagon the Insei (level 6, -5/32 HPs)
             Began as a Vine Stalker Monk on Sept 30, 2016.
             Was a Priest of Cheibriados.
             Slain by Duvessa
             ... wielding a +2 short sword of protection
              (8 damage)
             ... on level 4 of the Dungeon.
             The game lasted 00:04:13 (608 turns).

4thArraOfDagon the Insei (Vine Stalker Monk)         Turns: 608, Time: 00:04:15

Health: -5/32      AC:  2    Str: 19 (20) XL:     6   Next: 57%
Magic:  0/8        EV: 15    Int: 16 (19) God:    Cheibriados [***...]
Gold:   51         SH:  0    Dex: 22 (24) Spells: 0 memorised, 5 levels left

rFire  . . .     SeeInvis .       - Unarmed
rCold  . . .     Gourm    .     a - +0 robe
rNeg   . . .     Faith    .     (no shield)
rPois  .         Spirit   +     (no helmet)
rElec  .         Dismiss  .     (no cloak)
rCorr  .         Reflect  .     (no gloves)
MR     .....     Harm     .     (no boots)
Stlth  +++.......               (no amulet)
                                (no ring)
                                (no ring)

@: very slow
A: fangs 2, regeneration 1, magic shield, antimagic bite, no device heal 3, rot
immunity
a: Bend Time, Temporal Distortion, Renounce Religion


You were on level 4 of the Dungeon.
You worshipped Cheibriados.
Cheibriados was most pleased with you.
You were not hungry.

You visited 1 branch of the dungeon, and saw 5 of its levels.

You collected 51 gold pieces.

Inventory:

Armour
 a - a +0 robe (worn)
Wands
 e - a wand of disintegration (10/24)
Potions
 d - 2 potions of degeneration
Comestibles
 b - a bread ration


   Skills:
 - Level 2.6 Fighting
 + Level 3.5 Dodging
 - Level 2.4 Stealth
 * Level 5.6 Unarmed Combat
 + Level 2.6 Invocations


You had 5 spell levels left.
You didn't know any spells.

Dungeon Overview and Level Annotations

Branches:
Dungeon (5/15)             Temple (0/1) D:4

Altars:
Cheibriados
Kikubaaqudgha

Annotations:
D:3 Natasha
D:4 Dowan, Duvessa
D:5 exclusions: orc, scorpion and worker ant


Innate Abilities, Weirdness & Mutations

You have extremely sharp teeth.
Your natural rate of healing is unusually fast.
When hurt, damage is shared between your health and your magic reserves.
Your bite disrupts and absorbs the magic of your enemies.
Potions and wands cannot restore your health.
You are immune to rotting.


Message History

Unknown command.
Unknown command.
You don't have enough magic at the moment.
Unknown command.
Okay, then.
Unknown command.
You aren't carrying any spellbooks or scrolls.
Unknown command.
Duvessa says, "My weaknesses are his strengths!"
Duvessa hits you with a short sword of protection.
* * * LOW HITPOINT WARNING * * *
The giant cockroach barely misses you.
Unknown command.
Unknown command.
Unknown command.
You punch Duvessa! Your bite misses Duvessa.
Duvessa is lightly wounded.
The giant cockroach closely misses you.
Duvessa hits you with a short sword of protection!
You die...

##### #...#
########...#
.......#...###########
.......'...e....@...>#
.......#.......se.####
.......#..........#
######.####.......#
###e##########.#
#..............#
###..............#
#.e..............#
....###...........#


You could see Duvessa, Dowan and a giant cockroach.

Vanquished Creatures
  A phantom (D:4)
  2 scorpions
  A bullfrog zombie (D:5)
  2 hounds (D:4)
  A hound zombie (D:5)
  4 adders
  An ooze (D:3)
  A leopard gecko (D:4)
  An orc (D:4)
  A bat (D:1)
  2 hobgoblins
  A ball python (D:5)
  A frilled lizard (D:4)
  2 kobolds
  2 rats (D:3)
23 creatures vanquished.

Notes
Turn   | Place    | Note
-------+----------+-------------------------------------------
     0 | D:1      | 4thArraOfDagon the Vine Stalker Monk began the quest for the Orb.
     0 | D:1      | Reached XP level 1. HP: 11/11 MP: 2/2
     9 | D:2      | Found a faded altar of an unknown god.
    29 | D:2      | Became a worshipper of Cheibriados the Contemplative
    29 | D:2      | Reached * piety under Cheibriados
    29 | D:2      | Reached ** piety under Cheibriados
   101 | D:3      | Reached XP level 2. HP: 13/16 MP: 3/3
   112 | D:3      | Noticed Natasha
   134 | D:5      | Entered Level 5 of the Dungeon
   151 | D:5      | Noticed a scorpion
   175 | D:5      | Reached skill level 4 in Unarmed Combat
   175 | D:5      | Reached skill level 1 in Invocations
   175 | D:5      | Reached XP level 3. HP: 12/19 MP: 2/4
   181 | D:5      | Found an ancient bone altar of Kikubaaqudgha.
   244 | D:5      | Reached *** piety under Cheibriados
   258 | D:5      | Gained mutation: Your natural rate of healing is unusually fast. [Vine Stalker growth]
   258 | D:5      | Reached XP level 4. HP: 21/23 MP: 3/5
   261 | D:5      | Noticed a water moccasin
   304 | D:4      | Found a staircase to the Ecumenical Temple.
   412 | D:4      | Noticed a phantom
   422 | D:4      | Reached XP level 5. HP: 23/27 MP: 5/7
   437 | D:4      | Reached skill level 5 in Unarmed Combat
   448 | D:4      | Killed a phantom
   448 | D:4      | Reached XP level 6. HP: 14/32 MP: 4/8
   591 | D:4      | Noticed Dowan
   596 | D:4      | Noticed Duvessa
   608 | D:4      | Slain by Duvessa

Vault maps used:
D:1:      erik_arrival_orb_chamber, serial_curves, eino_curves_03,
          eino_curves_03
D:2:      ecumenical_altar_1, minivault_23
D:3:      nicolae_overflow_hidden_temple, first_bread, grunt_ministairs_13,
          st_stairs_7, uniq_natasha
D:4:      kennysheep_mini_moat, uniq_duvessa, uniq_grinder
D:5:      kiku_gazebo_garden_becter, tso_metal_star, uniq_sigmund

Skill      XL: |  1  2  3  4  5 |
---------------+----------------+-----
Unarmed Combat | 4 5 |  5.6
Invocations    | 1 2 |  2.6
Dodging        | 3 |  3.5
Fighting       | |  2.6
Stealth        | |  2.4

Action                   |  1- 3 |  4- 6 || total
-------------------------+-------+-------++-------
Melee: Unarmed           |    31 |    60 ||    91
       Bite              |    14 |    22 ||    36
       Punch             |     1 |       ||     1
Invok: Bend Time         |       |     1 ||     1
Evoke: Wand              |       |     1 ||     1
  Use: Scroll            |     1 |     1 ||     2
       Potion            |       |     1 ||     1
 Stab: Sleeping          |     1 |     3 ||     4
Armor: Robe              |       |    15 ||    15
Dodge: Dodged            |    15 |    45 ||    60
